ITL
UTICA UNICORNS @ LOUISVILLE BATS
08/01/2028
 
TOP OF THE 1ST
Utica Unicorns batting - Pitching for Louisville Bats : RHP Tony Henderson
Pitching: RHP Tony Henderson
Batting: LHB Jesús Raugel 0-0: Swinging Strike
0-1: Swinging Strike
0-2: Foul Ball, location: 2F
0-2: Strikes out swinging
Batting: RHB Mitsuoki Taguchi 0-0: Ball
1-0: Swinging Strike
1-1: Ball
2-1: Swinging Strike
2-2: Strikes out swinging
Batting: RHB Gerald Burnett 0-0: Called Strike
0-1: Ball
1-1: Ball
2-1: Foul Ball, location: 2F
2-2: Foul Ball, location: 2F
2-2: Foul Ball, location: 2F
2-2: Foul Ball, location: 2F
2-2: Strikes out swinging
Top of the 1st over - 0 run(s), 0 hit(s), 0 error(s), 0 left on base; Utica 0 - Louisville 0
BOTTOM OF THE 1ST
Louisville Bats batting - Pitching for Utica Unicorns : LHP David Taylor
Pitching: LHP David Taylor
Batting: LHB Ramón Morales 0-0: Fly out, F6 (Line Drive, 6MD)
Batting: RHB Dick Slagboom 0-0: Ball
1-0: Ball
2-0: Ball
3-0: Base on Balls
Batting: RHB Eric Thompson 0-0: Ball
1-0: Ball
2-0: Foul Ball, location: 2F
2-1: Called Strike
2-2: Ball
3-2: DOUBLE (Line Drive, 78M)
Dick Slagboom to third
Batting: LHB Mike Callahan 0-0: Foul Ball, location: 2F
0-1: Ball
1-1: DOUBLE (Groundball, 3L)
Dick Slagboom scores
Eric Thompson scores
Batting: RHB Jesús Cabrera 0-0: Ball
1-0: 2-RUN HOME RUN (Flyball, 78XD), Distance : 417 ft
Batting: LHB Don Soper 0-0: Called Strike
0-1: Ball
1-1: Foul Ball, location: 2F
1-2: Fly out, F8 (Flyball, 8LM)
Batting: RHB John Denton 0-0: Ball
1-0: Called Strike
1-1: Ball
2-1: Foul Ball, location: 2F
2-2: Ball
3-2: Foul Ball, location: 2F
3-2: SOLO HOME RUN (Line Drive, 9D), Distance : 387 ft
Batting: LHB Jeff Forsyth 0-0: Foul Ball, location: 2F
0-1: Foul Ball, location: 2F
0-2: Strikes out swinging
Bottom of the 1st over - 5 run(s), 4 hit(s), 0 error(s), 0 left on base; Utica 0 - Louisville 5
TOP OF THE 2ND
Utica Unicorns batting - Pitching for Louisville Bats : RHP Tony Henderson
Batting: RHB Danny Crouch 0-0: Fly out, F9 (Flyball, 9S)
Batting: LHB Mitchell Oglethorpe 0-0: Foul Ball, location: 2F
0-1: Ball
1-1: Foul Ball, location: 2F
1-2: Ball
2-2: Ball
3-2: Foul Ball, location: 2F
3-2: SINGLE (Flyball, 78S) - OUT at second base trying to stretch hit.
Batting: RHB José Velázquez 0-0: Called Strike
0-1: Called Strike
0-2: Ball
1-2: Fly out, F5 (Popup, 5S)
Top of the 2nd over - 0 run(s), 1 hit(s), 0 error(s), 0 left on base; Utica 0 - Louisville 5
BOTTOM OF THE 2ND
Louisville Bats batting - Pitching for Utica Unicorns : LHP David Taylor
Batting: RHB Shawn Marshall 0-0: Called Strike
0-1: Ball
1-1: Called Strike
1-2: Ball
2-2: Ball
3-2: Foul Ball, location: 2F
3-2: Foul Ball, location: 2F
3-2: Foul Ball, location: 2F
3-2: Strikes out looking
Batting: LHB Ramón Morales 0-0: Fly out, F7 (Flyball, 7D)
Batting: RHB Dick Slagboom 0-0: Ball
1-0: SINGLE (Groundball, 56D)
Batting: RHB Eric Thompson 0-0: Called Strike
0-1: Swinging Strike
0-2: Ball
1-2: Strikes out swinging
Bottom of the 2nd over - 0 run(s), 1 hit(s), 0 error(s), 1 left on base; Utica 0 - Louisville 5
TOP OF THE 3RD
Utica Unicorns batting - Pitching for Louisville Bats : RHP Tony Henderson
Batting: LHB Bill Hall 0-0: Ball
1-0: Ball
2-0: Ball
3-0: Called Strike
3-1: Base on Balls
Batting: RHB Héctor Jiménez 0-0: Ball
1-0: Called Strike
1-1: Ball
2-1: Ball
3-1: Called Strike
3-2: Base on Balls
Bill Hall to second
Batting: RHB Manny Ramírez 0-0: Called Strike
0-1: Foul Ball, location: 2F
0-2: Ball
1-2: Foul Ball, location: 2F
1-2: Ball
2-2: Foul Ball, location: 2F
2-2: Foul Ball, location: 2F
2-2: Strikes out swinging
Batting: LHB Jesús Raugel 0-0: Foul Ball, location: 2F
0-1: Swinging Strike
0-2: Ball
1-2: Ball
2-2: Foul Ball, location: 2F
2-2: Ball
3-2: Base on Balls
Bill Hall to third
Héctor Jiménez to second
Batting: RHB Mitsuoki Taguchi 0-0: Fly out, F7 (Flyball, 78M)
Runner from 3rd tags up, SCORES, throw made
Batting: RHB Gerald Burnett 0-0: Called Strike
0-1: Foul Ball, location: 2F
0-2: Ball
1-2: Ball
2-2: Ball
3-2: Strikes out swinging
Top of the 3rd over - 1 run(s), 0 hit(s), 0 error(s), 2 left on base; Utica 1 - Louisville 5
BOTTOM OF THE 3RD
Louisville Bats batting - Pitching for Utica Unicorns : LHP David Taylor
Batting: LHB Mike Callahan 0-0: Foul Ball, location: 2F
0-1: Single, Error in OF, E7, batter to second base
Batting: RHB Jesús Cabrera 0-0: Ball
1-0: Called Strike
1-1: Foul Ball, location: 2F
1-2: Foul Ball, location: 2F
1-2: Ball
2-2: Foul Ball, location: 2F
2-2: Ball
3-2: Ground out 6-3 (Groundball, 6)
Batting: LHB Don Soper 0-0: Ball
1-0: Called Strike
1-1: Ball
2-1: SINGLE (Line Drive, 56D)
Mike Callahan to third
Batting: RHB John Denton 0-0: Called Strike
0-1: Ball
1-1: Swinging Strike
1-2: Ball
2-2: Ball
3-2: Fly out, F3 (Popup, 3L)
Batting: LHB Jeff Forsyth 0-0: Called Strike
0-1: Foul Ball, location: 2F
0-2: Strikes out looking
Bottom of the 3rd over - 0 run(s), 2 hit(s), 1 error(s), 2 left on base; Utica 1 - Louisville 5
TOP OF THE 4TH
Utica Unicorns batting - Pitching for Louisville Bats : RHP Tony Henderson
Batting: RHB Danny Crouch 0-0: Called Strike
0-1: Foul Ball, location: 2F
0-2: Ball
1-2: Foul Ball, location: 2F
1-2: Fly out, F8 (Flyball, 89M)
Batting: LHB Mitchell Oglethorpe 0-0: Ball
1-0: Ball
2-0: Foul Ball, location: 2F
2-1: Ball
3-1: Base on Balls
Batting: RHB José Velázquez 0-0: Called Strike
0-1: Ball
1-1: SINGLE (Flyball, 89S)
Mitchell Oglethorpe to second
Batting: LHB Bill Hall 0-0: Ball
1-0: Ball
2-0: Ground out 4-3 (Groundball, 4S)
Mitchell Oglethorpe to third
José Velázquez to second
Batting: RHB Héctor Jiménez 0-0: Called Strike
0-1: SINGLE (Groundball, 4MD)
Mitchell Oglethorpe scores
José Velázquez to third
Runner from 3rd tries for Home, SAFE, no throw
Batting: RHB Manny Ramírez 0-0: Called Strike
0-1: Fielders Choice at 2nd, 6-4 (Groundball, 6)
Top of the 4th over - 2 run(s), 2 hit(s), 0 error(s), 0 left on base; Utica 3 - Louisville 5
BOTTOM OF THE 4TH
Louisville Bats batting - Pitching for Utica Unicorns : LHP David Taylor
Batting: RHB Shawn Marshall 0-0: Ball
1-0: Swinging Strike
1-1: Foul Ball, location: 2F
1-2: Ball
2-2: Strikes out swinging
Batting: LHB Ramón Morales 0-0: Foul Ball, location: 2F
0-1: Foul Ball, location: 2F
0-2: Ball
1-2: Ball
2-2: Ball
3-2: TRIPLE (Flyball, 89D)
Batting: RHB Dick Slagboom 0-0: Ball
1-0: Ball
2-0: Called Strike
2-1: Ball
3-1: Base on Balls
Batting: RHB Eric Thompson 0-0: Foul Ball, location: 2F
0-1: Grounds into double play, 4-6-3 (Groundball, 4)
Bottom of the 4th over - 0 run(s), 1 hit(s), 0 error(s), 1 left on base; Utica 3 - Louisville 5
TOP OF THE 5TH
Utica Unicorns batting - Pitching for Louisville Bats : RHP Tony Henderson
Batting: LHB Jesús Raugel 0-0: Ground out U3 (Groundball, 34)
Batting: RHB Mitsuoki Taguchi 0-0: Ball
1-0: Ball
2-0: Called Strike
2-1: Ball
3-1: Foul Ball, location: 2F
3-2: Strikes out swinging
Batting: RHB Gerald Burnett 0-0: Foul Ball, location: 2F
0-1: Foul Ball, location: 2F
0-2: Strikes out swinging
Top of the 5th over - 0 run(s), 0 hit(s), 0 error(s), 0 left on base; Utica 3 - Louisville 5
BOTTOM OF THE 5TH
Louisville Bats batting - Pitching for Utica Unicorns : LHP David Taylor
Batting: LHB Mike Callahan 0-0: Foul Ball, location: 2F
0-1: Foul Ball, location: 2F
0-2: Foul Ball, location: 2F
0-2: Ball
1-2: Strikes out looking
Batting: RHB Jesús Cabrera 0-0: Fly out, F5 (Line Drive, 5L)
Now at 3B: Raúl Morales
Batting: LHB Don Soper 0-0: Ball
1-0: Called Strike
1-1: Ball
2-1: Foul Ball, location: 2F
2-2: Foul Ball, location: 2F
2-2: Strikes out swinging
Bottom of the 5th over - 0 run(s), 0 hit(s), 0 error(s), 0 left on base; Utica 3 - Louisville 5
TOP OF THE 6TH
Utica Unicorns batting - Pitching for Louisville Bats : RHP Tony Henderson
Pitching: RHP Guy Hebert
Batting: RHB Danny Crouch 0-0: Ball
1-0: Called Strike
1-1: Ball
2-1: Called Strike
2-2: Strikes out swinging
Batting: LHB Mitchell Oglethorpe 0-0: Ball
1-0: Ball
2-0: Ball
3-0: Called Strike
3-1: Base on Balls
Batting: RHB José Velázquez 0-0: Ball
1-0: Ball
2-0: Swinging Strike
2-1: Ball
3-1: Foul Ball, location: 2F
3-2: Base on Balls
Mitchell Oglethorpe to second
Batting: LHB Bill Hall 0-0: Called Strike
0-1: Ball
1-1: Foul Ball, location: 2F
1-2: Strikes out swinging
Batting: LHB Raúl Morales 0-0: Called Strike
0-1: Swinging Strike
0-2: Fielders Choice at 2nd, 4-6 (Groundball, 4)
Top of the 6th over - 0 run(s), 0 hit(s), 0 error(s), 1 left on base; Utica 3 - Louisville 5
BOTTOM OF THE 6TH
Louisville Bats batting - Pitching for Utica Unicorns : LHP David Taylor
Pitching: RHP Mario González
Batting: RHB John Denton 0-0: Ball
1-0: SINGLE (Flyball, 9LS)
Batting: LHB Jeff Forsyth 0-0: Grounds into double play, 6-4-3 (Groundball, 6)
Batting: RHB Shawn Marshall 0-0: Swinging Strike
0-1: Foul Ball, location: 2F
0-2: Foul Ball, location: 2F
0-2: Strikes out swinging
Bottom of the 6th over - 0 run(s), 1 hit(s), 0 error(s), 0 left on base; Utica 3 - Louisville 5
TOP OF THE 7TH
Utica Unicorns batting - Pitching for Louisville Bats : RHP Guy Hebert
Batting: RHB Manny Ramírez 0-0: Swinging Strike
0-1: Swinging Strike
0-2: Strikes out swinging
Batting: LHB Jesús Raugel 0-0: Hit by Pitch
Batting: RHB Mitsuoki Taguchi 0-0: Ball
1-0: Ball
2-0: Ball
3-0: Called Strike
3-1: Base on Balls
Jesús Raugel to second
Batting: RHB Gerald Burnett 0-0: Ball
1-0: Called Strike
1-1: Ball
2-1: Foul Ball, location: 2F
2-2: Ball
3-2: Foul Ball, location: 2F
3-2: Strikes out looking
Batting: RHB Danny Crouch 0-0: Swinging Strike
0-1: Fly out, F4 (Line Drive, 4)
Top of the 7th over - 0 run(s), 0 hit(s), 0 error(s), 2 left on base; Utica 3 - Louisville 5
BOTTOM OF THE 7TH
Louisville Bats batting - Pitching for Utica Unicorns : RHP Mario González
Pitching: LHP José Mercado
Batting: LHB Ramón Morales 0-0: Called Strike
0-1: Ball
1-1: Ground out 3-1 (Groundball, 34S)
Batting: RHB Dick Slagboom 0-0: Foul Ball, location: 2F
0-1: Ground out 6-3 (Groundball, 6S)
Batting: RHB Eric Thompson 0-0: Ball
1-0: DOUBLE (Flyball, 89D)
Batting: LHB Mike Callahan 0-0: Ball
1-0: Ball
2-0: Swinging Strike
2-1: Fly out, F8 (Flyball, 8RM)
Bottom of the 7th over - 0 run(s), 1 hit(s), 0 error(s), 1 left on base; Utica 3 - Louisville 5
TOP OF THE 8TH
Utica Unicorns batting - Pitching for Louisville Bats : RHP Guy Hebert
Batting: LHB Mitchell Oglethorpe 0-0: Called Strike
0-1: Ball
1-1: Foul Ball, location: 2F
1-2: Foul Ball, location: 2F
1-2: DOUBLE (Line Drive, 8LXD)
Pitching: RHP John Thompson
Batting: RHB José Velázquez 0-0: Ball
1-0: Ball
2-0: Foul Ball, location: 2F
2-1: Swinging Strike
2-2: Strikes out swinging
Pitching: LHP Denny Welch
Batting: LHB Bill Hall 0-0: Ground out 4-3 (Groundball, 34D)
Mitchell Oglethorpe to third
Batting: LHB Raúl Morales 0-0: Swinging Strike
0-1: Called Strike
0-2: Strikes out swinging
Top of the 8th over - 0 run(s), 1 hit(s), 0 error(s), 1 left on base; Utica 3 - Louisville 5
BOTTOM OF THE 8TH
Louisville Bats batting - Pitching for Utica Unicorns : LHP José Mercado
Batting: RHB Jesús Cabrera 0-0: Foul Ball, location: 2F
0-1: Swinging Strike
0-2: Foul Ball, location: 2F
0-2: Ball
1-2: Ball
2-2: Foul Ball, location: 2F
2-2: Ground out 4-3 (Groundball, 4)
Batting: LHB Don Soper 0-0: Ball
1-0: Foul Ball, location: 2F
1-1: Called Strike
1-2: Strikes out swinging
Batting: RHB John Denton 0-0: Foul Ball, location: 2F
0-1: Ball
1-1: Ball
2-1: Called Strike
2-2: SINGLE (Flyball, 78S)
Batting: LHB Jeff Forsyth 0-0: Ball
1-0: Ball
2-0: Ball
3-0: Base on Balls
John Denton to second
Batting: RHB Shawn Marshall 0-0: Ball
1-0: Ball
2-0: Called Strike
2-1: Ball
3-1: Foul Ball, location: 2F
3-2: Foul Ball, location: 2F
3-2: Foul Ball, location: 2F
3-2: Strikes out looking
Bottom of the 8th over - 0 run(s), 1 hit(s), 0 error(s), 2 left on base; Utica 3 - Louisville 5
TOP OF THE 9TH
Utica Unicorns batting - Pitching for Louisville Bats : LHP Denny Welch
Pitching: LHP Carlos Menéndez
Batting: RHB Manny Ramírez 0-0: Called Strike
0-1: Foul Ball, location: 2F
0-2: Ball
1-2: Strikes out swinging
Batting: LHB Jesús Raugel 0-0: Called Strike
0-1: SINGLE (Line Drive, 56D)
Batting: RHB Mitsuoki Taguchi 0-0: Ball
Wild Pitch!
Jesús Raugel to second
1-0: Reached on error, E4 (Groundball, 4)
Jesús Raugel to third
Batting: RHB Gerald Burnett 0-0: Ball
1-0: Foul Ball, location: 2F
1-1: Ball
2-1: Foul Ball, location: 2F
2-2: Ball
3-2: Strikes out looking
Mitsuoki Taguchi is caught stealing 2nd base
Batter strikes out.
Top of the 9th over - 0 run(s), 1 hit(s), 1 error(s), 1 left on base; Utica 3 - Louisville 5
Tuesday, August 8th, 2017 - OOTP Baseball 17.12 Build 75